 Dungeon Crawl Stone Soup version 0.20-a0-382-g289d6af (webtiles) character file.

319 Da5id the Magician (level 6, 0/32 HPs)
             Began as a Deep Elf Conjurer on Dec 28, 2016.
             Was an Initiate of Vehumet.
             Slain by an orc priest
             ... wielding a +0 dagger
              (1 damage)
             ... on level 4 of the Dungeon.
             The game lasted 00:11:27 (4923 turns).

Da5id the Magician (Deep Elf Conjurer)              Turns: 4923, Time: 00:11:27

Health: 0/32       AC:  4    Str:  5    XL:     6   Next: 21%
Magic:  5/18       EV: 13    Int: 22    God:    Vehumet [......]
Gold:   143        SH:  0    Dex: 15    Spells: 8/19 levels left

rFire  . . .     SeeInvis .     w - +0 short sword (venom)
rCold  . . .     Gourm    +     a - +0 robe
rNeg   . . .     Faith    .     (no shield)
rPois  .         Spirit   .     (no helmet)
rElec  .         Reflect  .     (no cloak)
rCorr  .         Harm     .     r - +0 pair of gloves
MR     .....                    p - +0 pair of boots
Stlth  ++........               l - amulet of the gourmand
                                (no ring)
                                m - ring of flight

@: slowed, very slow
A: no striking features
a: Renounce Religion, Evoke Flight


You were on level 4 of the Dungeon.
You worshipped Vehumet.
Vehumet was noncommittal.
You were very full.

You visited 2 branches of the dungeon, and saw 5 of its levels.

You collected 143 gold pieces.

Inventory:

Hand Weapons
 n - a +0 whip
 t - a +0 morningstar
 w - a +0 short sword of venom (weapon)
Armour
 a - a +0 robe (worn)
 p - a +0 pair of boots (worn)
 r - a +0 pair of gloves (worn)
Jewellery
 l - an amulet of the gourmand (around neck)
 m - a ring of flight (left hand)
Scrolls
 f - 5 scrolls of teleportation {unknown}
 h - a scroll of noise {unknown}
 i - a scroll of fear {unknown}
 j - a scroll of remove curse {unknown}
 q - a scroll of magic mapping {unknown}
 v - a scroll of identify {unknown}
Potions
 d - 2 potions of might {unknown}
 e - a potion of curing {unknown}
 o - a potion of mutation {unknown}
 s - a potion of berserk rage {unknown}
Books
 b - a book of Conjurations

   Spells                             Type                      Level
   a - Magic Dart                     Conjuration                  1
   b - Searing Ray                    Conjuration                  2
   c - Dazzling Spray                 Conjuration/Hexes            3
   d - Fulminant Prism                Conjuration/Hexes            4
   e - Iskenderun's Mystic Blast      Conjuration                  4
   f - Iskenderun's Battlesphere      Conjuration/Charms           5
 x - a book of Maledictions

   Spells                             Type                      Level
   a - Corona                         Hexes                        1
   b - Ensorcelled Hibernation        Hexes/Ice                    2
   c - Confuse                        Hexes                        3
   d - Tukima's Dance                 Hexes                        3
   e - Dazzling Spray                 Conjuration/Hexes            3
Comestibles
 c - 2 bread rations
 g - a meat ration
 k - 3 fruits
 u - a beef jerky


   Skills:
 - Level 2.4 Dodging
 - Level 2.4 Stealth
 - Level 7.0 Spellcasting
 - Level 5.0 Conjurations
 + Level 4.7 Charms


You had 8 spell levels left.
You knew the following spells:

 Your Spells              Type           Power        Failure   Level  Hunger
a - Magic Dart            Conj           ####         1%          1    None
b - Searing Ray           Conj           ####..       1%          2    None
c - Iskenderun's Battles  Conj/Chrm      ####....     34%         5    #####..
d - Tukima's Dance        Hex            #.......     28%         3    None


Dungeon Overview and Level Annotations

Branches:
Dungeon (4/15)             Temple (1/1) D:4

Altars:
Ashenzari
Cheibriados
Dithmenos
Elyvilon
Fedhas
Gozag
Hepliaklqana
Kikubaaqudgha
Makhleb
Nemelex Xobeh
Okawaru
Qazlal
Ru
Sif Muna
Trog
Uskayaw
Vehumet
Xom
Yredelemnul
Zin
The Shining One


Message History

a dagger; a robe; an orc corpse
Casting: Magic Dart
Confirm with . or Enter, or press ? or * to list all spells.
Aiming: Searing Ray
Press: ? - help, Shift-Dir - straight line, f - orc priest
Aim: an orc priest, wielding a dagger and wearing a glowing leather armour (hasn't noticed you)
The searing ray hits the orc priest.
The orc priest is lightly wounded.
The orc priest shouts!
The orc priest hits you with a dagger.
* * * LOW HITPOINT WARNING * * *
The searing ray hits the orc priest.
The orc priest is lightly wounded.
The orc priest hits you with a dagger.
* * * LOW HITPOINT WARNING * * *
The orc priest barely misses you.
The searing ray hits the orc priest.
The orc priest is heavily wounded.
The orc priest hits you with a dagger.
You die...

#...# ..+ # #...# ..#
##########...##### #.#
.........'...'...###.#
########.#...###..##.# # #.#####
##.##.# # #.# #.##.#
########.########.##.##########
.(...............@)............
########.##.......o#..........
#######.##......#[###....####
#...............#.# #....#
#.....>.........#.###....#
##..........######..##....#
............# ##.##....#
#...........#######.##....########
#...........'....##..#............


You could see an orc priest.

Vanquished Creatures
  A scorpion (D:4)
  A hound (D:3)
  An orc priest (D:4)
  A centaur skeleton (D:4)
  An orc wizard (D:4)
  Natasha (D:4)
  A gnoll (D:1)
  3 adders
  2 oozes
  2 worms
  15 orcs
  2 giant cockroaches (D:3)
  7 goblins
  5 hobgoblins
  6 jackals
  A quokka (D:2)
  2 ball pythons
  3 bats
  4 frilled lizards
  7 kobolds
  7 rats
73 creatures vanquished.

Notes
Turn   | Place    | Note
-------+----------+-------------------------------------------
     0 | D:1      | Da5id the Deep Elf Conjurer began the quest for the Orb.
     0 | D:1      | Reached XP level 1. HP: 10/10 MP: 6/6
   637 | D:1      | Reached skill level 4 in Spellcasting
   637 | D:1      | Reached XP level 2. HP: 6/15 MP: 3/9
  1075 | D:2      | Reached XP level 3. HP: 19/19 MP: 4/11
  1171 | D:2      | Reached skill level 5 in Spellcasting
  1175 | D:2      | Learned a level 2 spell: Searing Ray
  1916 | D:3      | Found a faded altar of an unknown god.
  2188 | D:3      | Reached XP level 4. HP: 24/24 MP: 5/13
  2218 | D:3      | Reached skill level 6 in Spellcasting
  3157 | D:3      | Reached skill level 7 in Spellcasting
  3643 | D:3      | Reached XP level 5. HP: 28/28 MP: 13/16
  4258 | D:4      | Reached skill level 5 in Conjurations
  4265 | D:4      | Learned a level 5 spell: Iskenderun's Battlesphere
  4266 | D:4      | Found a staircase to the Ecumenical Temple.
  4283 | Temple   | Entered the Ecumenical Temple
  4448 | Temple   | Became a worshipper of Vehumet
  4793 | D:4      | Learned a level 3 spell: Tukima's Dance
  4835 | D:4      | Noticed Natasha
  4848 | D:4      | Killed Natasha
  4889 | D:4      | Reached XP level 6. HP: 16/32 MP: 14/18
  4921 | D:4      | HP: 1/32 [orc priest/dagger (2)]
  4923 | D:4      | Slain by an orc priest

Vault maps used:
D:1:      dpeg_arrival_shrine, grunt_decor_cap
D:3:      chequers_ecumenical_altar_simple_redux, nicolae_underground_beach
D:4:      serial_shops, shop, uniq_natasha, uniq_pikel
Temple:   minmay_crystal_snake_temple

Skill      XL: |  1  2  3  4  5 |
---------------+----------------+-----
Spellcasting   | 4 5 7 |  7.0
Conjurations   | 5 |  5.0
Charms         | 4 |  4.7
Dodging        | |  2.4
Stealth        | |  2.4

Action                   |  1- 3 |  4- 6 || total
-------------------------+-------+-------++-------
Melee: Whip              |     5 |     5 ||    10
 Cast: Magic Dart        |    72 |    49 ||   121
       Searing Ray       |     1 |    17 ||    18
  Eat: Chunk             |    12 |    12 ||    24
Armor: Robe              |     3 |     5 ||     8
Dodge: Dodged            |     4 |    11 ||    15
